 Dungeon Crawl Stone Soup version 0.31-a0-435-g2c6fae2916 (webtiles) character file.

Game seed: 1295017321150871143

42 randomguy2701 the Gusty (level 3, 0/19 HPs)
             Began as a Tengu Air Elementalist on Aug 2, 2023.
             Slain by a gnoll
             ... wielding a +0 flail
              (5 damage)
             ... on level 1 of the Dungeon.
             The game lasted 00:01:53 (1730 turns).

randomguy2701 the Gusty (Tengu Air Elementalist)    Turns: 1730, Time: 00:01:54

Health: 0/19       AC:  2    Str:  8    XL:     3   Next: 56%
Magic:  6/7        EV: 13    Int: 17    God:
Gold:   62         SH:  0    Dex: 14    Spells: 5/6 levels left

rFire   . . .        (no weapon)
rCold   . . .        (no shield)
rNeg    . . .        a - +0 robe
rPois   .            (helmet restricted)
rElec   .            (no cloak)
rCorr   .            (no gloves)
SInv    .            (boots unavailable)
Will    .....        (no amulet)
Stlth   ++           (no ring)
HPRegen 0.23/turn    (no ring)
MPRegen 0.10/turn

%: no passive effects
@: no status effects
A: beak, talons 3
a: no special abilities


You were on level 1 of the Dungeon.
You visited 1 branch of the dungeon, and saw 2 of its levels.

You collected 62 gold pieces.

Inventory:

Armour
 a - a +0 robe (worn)
Jewellery
 e - a ring of protection from fire
Scrolls
 c - a scroll of teleportation {unknown}
 d - a scroll of identify {unknown}
Potions
 b - a potion of magic
 f - a potion of attraction {unknown}
 g - a potion of resistance {unknown}


   Skills:
 * Level 3.0 Dodging
 + Level 2.2 Stealth
 + Level 2.4 Spellcasting
 - Level 1.3 Conjurations
 + Level 4.7 Air Magic


You had 5 spell levels left.
You knew the following spells:

 Your Spells              Type           Power      Damage    Failure   Level
a - Shock                 Conj/Air       48%        1d6       5%          1

Your spell library contained the following spells:

 Spells                   Type           Power      Damage    Failure   Level
 Static Discharge         Conj/Air       24%        2-3/arc   9%          2
 Swiftness                Air            18%        N/A       9%          3
 Airstrike                Air            9%         2d(2-18)  26%         4


Dungeon Overview and Level Annotations

Branches:
Dungeon (2/15)

Altars:
Fedhas


Innate Abilities, Weirdness & Mutations

You have a beak for a mouth.
You have claws for feet.


Message History

The zap hits the gnoll.
The gnoll is almost dead.
The gnoll misses you.
The zap hits the gnoll.
You kill the gnoll!
Your Dodging skill increases to level 3!
HP restored.
Magic restored.
Done exploring.
Done exploring.
(D) Dungeon
Where to? (Enter - D:2, ? - help)
What level of the Dungeon? (default 1, ? - help)
You see here a +0 flail.
There is a stone staircase leading down here.
You climb downwards.
The gnoll hits you with a +0 flail.
There is a stone staircase leading up, spattered with blood here.
That beam is likely to hit you.
Continue anyway?
Okay, then.
The gnoll hits you with a +0 flail.
You climb upwards.
There is a stone staircase leading down here.
The gnoll attacks as you move away! The gnoll hits you with a +0 flail.
The gnoll attacks as you move away! The gnoll barely misses you.
The gnoll attacks as you move away! The gnoll closely misses you.
The gnoll attacks as you move away! The gnoll hits you with a +0 flail.
* * * LOW HITPOINT WARNING * * *
You see here a +0 flail.
A gnoll is nearby!
You are too injured to fight recklessly!
You are too injured to fight recklessly!
Casting: Shock (safe; 5% risk of failure)
Confirm with . or Enter, or press ? or * to list all spells.
Aiming: Shock (safe; 5% risk of failure)
Press: ? - help, Shift-Dir - straight line, f - gnoll
Aim: a gnoll, wielding a +0 flail (72% to hit)
The zap hits the gnoll.
The gnoll is lightly wounded.
The gnoll hits you with a +0 flail.
You die...

###.###.###.# #.######
#.........#.# #.#....#
#.#.#P#.#P#.## #.#.##.#
#......P..#..###.#.##.#
###.###P###......#.##.#
#PPP._..PP#.#.##.#.##.#
###.###.###.#.##.#.##.#
#.........#.#.##g#.##.#
#.#P#P#P#.#...##@#.##.######
#.........#.####.#.........#
###.###.###.# #.#..#.####.#
#........[#.# #.#.....# #.#
.......)....# #.#..##.# #.#
.......#.#### #.#.....# #.#
..######.# #.##.#### #.#
########'####
##.#########.##
#...........#
#..(..........#


You could see a gnoll.

Vanquished Creatures
  A gnoll (D:1)
  2 dart slugs (D:1)
  3 bats (D:1)
  An endoplasm (D:1)
  A goblin (D:1)
  3 hobgoblins (D:1)
  A quokka (D:1)
  6 ball pythons (D:1)
  2 frilled lizards (D:1)
  6 kobolds (D:1)
  A rat (D:1)
27 creatures vanquished.

Notes
Turn   | Place    | Note
-------+----------+-------------------------------------------
     0 | D:1      | randomguy2701 the Tengu Air Elementalist began the quest
                  | for the Orb.
     0 | D:1      | Reached XP level 1. HP: 10/10 MP: 4/4
   343 | D:1      | Reached XP level 2. HP: 13/15 MP: 0/6
   830 | D:1      | Reached XP level 3. HP: 19/19 MP: 5/7
   908 | D:1      | Found a faded altar of an unknown god.
  1644 | D:2      | Found a blossoming altar of Fedhas.
  1730 | D:1      | Slain by a gnoll

Illustrated notes

Levels and vault maps discovered:
D:1:      kennysheep_arrival_forest, layout_basic,
          shapermc_ecumenical_altar_mp_urbaneastern, minmay_tromino_v7
D:2:      layout_basic, basic_altar

Skill      XL: |  1  2  3 |
---------------+----------+-----
Dodging        | 3 |  3.0
Stealth        | |  2.2
Spellcasting   | |  2.4
Conjurations   | |  1.3
Air Magic      | |  4.7

Action                     || total
---------------------------++-------
  Melee: Unarmed           ||     4
         Kick              ||     1
         Peck              ||     1
   Cast: Shock             ||    64
 Armour: Robe              ||     3
  Dodge: Dodged            ||    16

Table legend: (Time is in decaauts)
 A = Elapsed time spent in this place.
 B = Non-inter-level travel time spent in this place.
 C = Inter-level travel time spent in this place.
 D = Time resting spent in this place.
 E = Time spent auto-exploring this place.
 F = Levels seen in this place.
 G = Mean time per level.
                   A        B        C        D        E       F      G
               +--------+--------+--------+--------+--------+-----+--------+
         Total |   1731 |   1672 |     59 |      0 |   1511 |   2 |  865.5 |
       Dungeon |   1731 |   1672 |     59 |      0 |   1511 |   2 |  865.5 |
               +--------+--------+--------+--------+--------+-----+--------+

Top non-repeatable levels by time:
     D:1: 1724 daAuts
     D:2: 7 daAuts
